AoeStats
← A Wooden Lamp

Arabia

509550080Analyzed
2v2 RM · 6d ago on Sep 27, 2026· 29m 29s· 4 players
Game mode
Random Map
Map size
Medium (4 player)
Population
200
Speed
Normal
Resources
Standard
Victory
Conquest
Starting age
Dark Age
Ending age
Imperial Age
RankedLock teamsTeams togetherTeam positionsShared explorationLock speedFull tech treeHidden civsTurbo modeCheats
Victory
Defeat
🇦🇺 Ethiopians · Australia
1094
+16
🇦🇺 Magyars · Australia
1032
+19
🇲🇽 Hindustanis · Mexico
1103
-18
1085
-17
Torfhildur Þorsteinsdóttir
5:03 Loom
6:10 Loom
9:49 Feudal Age
10:11 Horse Collar
10:18 Double-Bit Axe
21:24 Castle Age
19:37 Fletching
20:02 Padded Archer Armor
20:12 Gold Mining
21:39 Crossbowman
22:18 Bodkin Arrow
23:10 Leather Archer Armor
24:04 Wheelbarrow
23:21 Pikeman
27:51 Forging
ROCK ON - 16
7:04 Loom
9:09 Feudal Age
9:55 Double-Bit Axe
10:59 Horse Collar
21:43 Castle Age
20:39 Bloodlines
20:40 Scale Barding Armor
20:46 Forging
24:36 Wheelbarrow
eNF-
5:51 Loom
6:21 Loom
9:31 Feudal Age
20:36 Castle Age
19:24 Horse Collar
19:31 Double-Bit Axe
21:43 Scale Barding Armor
21:52 Bloodlines
22:11 Husbandry
26:35 Scale Mail Armor
27:12 Chain Barding Armor
A Wooden Lamp
6:26 Loom
9:13 Feudal Age
10:05 Double-Bit Axe
10:02 Horse Collar
21:21 Castle Age
19:31 Gold Mining
20:48 Fletching
21:37 Crossbowman
22:38 Bodkin Arrow
23:54 Bow Saw
24:50 Ballistics
27:42 Heavy Plow
30:37 Wheelbarrow
Connection lost

Rejoining the realm…

Still unreachable

The connection could not be restored.

Session expired

The server has moved on; the page needs a fresh start.